 Dungeon Crawl Stone Soup version 0.29.1-15-g9cfb28693d (webtiles) character file.

Game seed: 7352655938253949784

39384 MacCMillion the Nimble (level 13, -4/56 HPs)
             Began as a Felid Summoner on Mar 14, 2023.
             Was an Initiate of Gozag.
             Slain by a harpy simulacrum (18 damage)
             ... led by a necromancer
             ... on level 15 of the Dungeon.
             The game lasted 01:55:59 (45524 turns).

MacCMillion the Nimble (Felid Summoner)            Turns: 45524, Time: 01:55:59

Health: -4/56      AC:  3    Str:  4    XL:     13   Next: 68%
Magic:  33/37      EV: 28    Int: 20    God:    Gozag
Gold:   2037       SH:  0    Dex: 18    Spells: 7/32 levels left
                                        Lives:  0   Deaths: 4

rFire   + . .      SeeInvis +   (weapon unavailable)
rCold   . . .      Faith    .   (shield unavailable)
rNeg    . . .      Spirit   .   (body armour unavailable)
rPois   .          Reflect  .   (helmet unavailable)
rElec   .          Harm     .   (cloak unavailable)
rCorr   .          Rampage  .   (gloves unavailable)
Will    +....                   (boots unavailable)
Stlth   ++........              R - amulet of magic regeneration
HPRegen 0.18/turn               a - ring of magical power
MPRegen 0.65/turn               l - ring of fire

@: gold aura, quick
A: very small, claws 1, fangs 3, see invisible, speed 1, shaggy fur 3, stealthy
paws, no weapons or thrown items, no armour, multi-lived, frail 1
a: Renounce Religion, Potion Petition, Call Merchant, Bribe Branch


You were on level 15 of the Dungeon.
You worshipped Gozag.
Gozag was most pleased with you.
You visited 6 branches of the dungeon, and saw 25 of its levels.
You also visited: Ossuary.

You collected 5853 gold pieces.
You spent 1008 gold pieces at shops.
You paid 2808 gold pieces to Gozag.

Inventory:

Jewellery
 a - a ring of magical power (left paw)
 l - a ring of fire (right paw)
 u - a ring of magical power
 y - a ring of fire
 z - a +6 ring of strength
 F - a +6 ring of dexterity
 M - an amulet of regeneration
 N - an amulet of the acrobat
 Q - a +4 ring of protection
 R - an amulet of magic regeneration (around neck)
 S - an amulet of guardian spirit
 U - a ring of magical power
Wands
 o - a wand of acid (15)
 D - a wand of flame (8)
 H - a wand of digging (4)
 K - a wand of roots (1)
 P - a wand of paralysis (4)
Scrolls
 b - 5 scrolls of magic mapping
 e - 5 scrolls of blinking
 f - 8 scrolls of poison
 j - 4 scrolls of enchant weapon
 k - 8 scrolls of noise
 n - 7 scrolls of teleportation
 v - 5 scrolls of fear
 w - 4 scrolls of silence
 A - 2 scrolls of summoning
 B - 3 scrolls of immolation
 C - 4 scrolls of enchant armour
 G - 3 scrolls of brand weapon
 I - 3 scrolls of fog
 J - 2 scrolls of vulnerability
 T - 5 scrolls of identify
Potions
 c - 4 potions of might
 d - 4 potions of flight
 g - 10 potions of mutation
 h - 5 potions of curing
 i - 4 potions of degeneration
 m - 2 potions of attraction
 p - 5 potions of ambrosia
 q - 2 potions of lignification
 r - 3 potions of heal wounds
 s - 6 potions of brilliance
 t - a potion of haste
 x - 4 potions of resistance
 E - a potion of invisibility
 L - 2 potions of magic
 O - 2 potions of cancellation
 V - 2 potions of berserk rage {unknown}


   Skills:
 - Level 11.0 Fighting
 - Level 14.3 Dodging
 - Level 2.6 Stealth
 - Level 10.0 Spellcasting
 - Level 5.0 Hexes
 - Level 10.6 Summonings
 - Level 9.6 Translocations
 + Level 12.1 Transmutations
 + Level 12.3 Air Magic


You had 7 spell levels left.
You knew the following spells:

 Your Spells              Type           Power      Damage    Failure   Level
a - Summon Small Mammal   Summ           100%       N/A       1%          1
b - Call Canine Familiar  Summ           51%        N/A       1%          3
c - Summon Guardian Gole  Hex/Summ       41%        N/A       1%          3
d - Summon Lightning Spi  Summ/Air       54%        N/A       1%          4
e - Storm Form            Tmut/Air       28%        N/A       36%         7
f - Blink                 Tloc           96%        N/A       1%          2
g - Summon Forest         Summ/Tloc      25%        N/A       3%          5

Your spell library contained the following spells:

 Spells                   Type           Power      Damage    Failure   Level
 Apportation              Tloc           96%        N/A       1%          1
 Call Imp                 Summ           51%        N/A       1%          2
 Passwall                 Tmut/Erth      28%        N/A       1%          2
 Static Discharge         Conj/Air       34%        3-8/arc   1%          2
 Mephitic Cloud           Conj/Pois/Air  26%        N/A       3%          3
 Manifold Assault         Tloc           48%        N/A       3%          5
 Ignite Poison            Fire/Tmut/Pois 39%        N/A       4%          3
 Foxfire                  Conj/Fire      60%        2x1d7     7%          1
 Magic Dart               Conj           40%        1d5       7%          1
 Necrotise                Necr           40%        1d6       7%          1
 Sandblast                Erth           20%        2d7       7%          1
 Inner Flame              Hex/Fire       30%        N/A       8%          3
 Lightning Bolt           Conj/Air       17%        1d31      16%         5
 Conjure Flame            Conj/Fire      15%        6-21      21%         3
 Stone Arrow              Conj/Erth      20%        3d8       21%         3
 Vampiric Draining        Necr           10%        2d6       21%         3
 Leda's Liquefaction      Hex/Erth       10%        N/A       24%         4
 Flame Wave               Conj/Fire      15%        2d7       56%         4
 Sticky Flame             Conj/Fire      15%        2d4       56%         4
 Summon Hydra             Summ           25%        N/A       58%         7
 Conjure Ball Lightning   Conj/Air       17%        3x3d6     63%         6
 Eringya's Noxious Bog    Tmut/Pois      17%        N/A       65%         6
 Agony                    Necr           10%        N/A       88%         5
 Fireball                 Conj/Fire      7%         3d5       88%         5
 Iskenderun's Battlesphe  Conj           10%        2d6       88%         5
 Orb of Destruction       Conj           5%         9d5       100%        7
 Spellforged Servitor     Conj/Summ      15%        N/A       100%        7
 Maxwell's Capacitive Co  Air            28%        ∞         96%         8
 Lehudib's Crystal Spear  Conj/Erth      5%         10d3      100%        8
 Portal Projectile        Hex/Tloc       Unusable   N/A       N/A         3
 Animate Armour           Summ/Erth      Unusable   N/A       N/A         4

Dungeon Overview and Level Annotations

Branches:
Dungeon (15/15)            Temple (1/1) D:4            Lair (5/5) D:9
 Shoals (1/4) Lair:3       Spider (1/4) Lair:3        Slime (0/5) Lair:4
    Orc (2/2) D:11            Elf (0/3) Orc:2        Vaults (0/5) D:14
Ossuary (visited)
 Depths: D:15

Altars:
Ashenzari
Cheibriados
Dithmenos
Elyvilon
Fedhas
Gozag
Hepliaklqana
Kikubaaqudgha
Makhleb
Nemelex Xobeh
Okawaru
Qazlal
Ru
Sif Muna
Trog
Uskayaw
Vehumet
Wu Jian
Xom
Yredelemnul
Zin
The Shining One

Shops:
D:2 (   D:3 [   D:9 =:   D:15 (   Orc:1 ![   Orc:2 ([(:   Lair:3 =:

Portals:
Trove: D:12 (give 6 scrolls of fear)

Annotations:
D:2 1 runed translucent door, Crazy Yiuf
D:3 2 transporters, Sensen's ghost, amateur HuMo
D:4 priest
D:12 2 transporters, exclusion: ice statue, dvd2's ghost, journeyman MiDe
D:14 exclusion: ice statue
D:15 Roxanne
Lair:5 Nessos


Innate Abilities, Weirdness & Mutations

You have sharp claws.
You have razor-sharp teeth.
You have supernaturally acute eyesight. (SInv)
You cover ground quickly. (Speed+)
Your thick and shaggy fur keeps you warm. (AC +3, rC+)
Your paws help you pounce on unaware monsters.
You are incapable of wielding weapons or throwing items.
You cannot wear armour.
You gain extra lives every three experience levels.
You are frail. (-10% HP)


Message History

The centaur warrior zombie hits your wolf but does no damage.
The centaur warrior zombie kicks your wolf but does no damage.
Your wolf bites the centaur warrior zombie.
Your wolf barely misses the centaur warrior zombie.
The centaur warrior zombie completely misses your wolf. x2
Your wolf bites the centaur warrior zombie!
The centaur warrior zombie is destroyed!
The harpy simulacrum claws your wolf!
The harpy simulacrum freezes your wolf!!
Your wolf dies!
Your wolf's corpse disappears in a puff of smoke!
The harpy simulacrum misses you.
The harpy simulacrum completely misses you.
The harpy simulacrum claws you! The harpy simulacrum freezes you!
The harpy simulacrum barely misses you.
Casting: Call Canine Familiar (safe; 1% risk of failure)
Confirm with . or Enter, or press ? or * to list all spells.
The harpy simulacrum barely misses you. x2; The harpy simulacrum misses you.
The harpy simulacrum completely misses you.
The harpy simulacrum attacks as you move away!
The harpy simulacrum barely misses you. x2; The harpy simulacrum claws you!
The harpy simulacrum freezes you!
* * * LOW HITPOINT WARNING * * *
The harpy simulacrum misses you.
You swap places.
The harpy simulacrum completely misses your warg.
The harpy simulacrum barely misses your warg.
Your warg bites the harpy simulacrum!
The harpy simulacrum claws your warg! The harpy simulacrum freezes your warg!
The harpy simulacrum claws your warg. The harpy simulacrum freezes your warg!
Your warg dies!
Your warg's corpse disappears in a puff of smoke!
Casting: Call Canine Familiar (safe; 1% risk of failure)
Confirm with . or Enter, or press ? or * to list all spells.
The harpy simulacrum closely misses you.
The harpy simulacrum claws you.
* * * LOW HITPOINT WARNING * * *
The harpy simulacrum freezes you!!
You die...
Your body crumbles into a pile of gold.

..... #..#... ###'###
####.## #.....# #.#
#.###.# #.# #$# #3#
#.# #.# #.# #.# #.#
#.# ##.# ###Z#
#.########..## ##..@#
#3##.......... #.h###
#§##.......... #.##
#.##.......... #.#
#.######.#####
#.######.######.###..
#.##............##..#
#.##............<....
##.##..........##.####
###..##..........#..#


You could see a harpy simulacrum (ally target) and a friendly wolf (summoned).

Vanquished Creatures
  A centaur warrior (D:14)
  2 centaurs (D:7)
  A bat (D:3)
  A kobold (D:8)
5 creatures vanquished.

Vanquished Creatures (collateral kills)
  Gastronok (Lair:1)
  A vault guard (D:14)
  2 catoblepae
  An ogre mage (D:11)
  A boulder beetle (D:12)
  3 hydras
  6 two-headed ogres
  3 centaur warriors (D:14)
  2 tengu warriors (D:13)
  2 death yaks
  Sonja (Lair:1)
  3 skeletal warriors (D:13)
  2 sun demons (D:11)
  Nergalle (Orc:1)
  A death drake (shapeshifter) (D:15)
  A sea snake (Shoals:1)
  A wizard (D:15)
  A deep elf zephyrmancer (D:15)
  2 orc knights
  A deep elf pyromancer (D:14)
  An ugly thing (D:11)
  4 orc sorcerers
  4 manticores
  A wolf spider (Lair:3)
  8 cyclopes
  A rust devil (D:11)
  2 black mambas
  3 elephants (Lair:5)
  A centaur zombie (D:15)
  A torpor snail (Lair:4)
  A smoke demon (D:11)
  11 cane toads
  A centaur skeleton (D:15)
  An ice statue (D:13)
  2 unseen horrors (D:12)
  3 komodo dragons
  A tengu conjurer (D:14)
  3 yaktaurs (D:14)
  2 ice devils (D:11)
  A freezing wraith (D:14)
  A red devil (D:11)
  3 trolls
  3 polar bears
  A merfolk (Shoals:1)
  7 blink frogs
  4 dream sheep (Lair:5)
  A centaur simulacrum (D:15)
  A jumping spider (Lair:3)
  2 culicivoras (Lair:3)
  A shadow (D:10)
  Sigmund (D:5)
  A wyvern (D:9)
  2 wraiths
  17 yaks
  5 basilisks
  A chaos spawn (D:11)
  A neqoxec (D:11)
  3 redbacks (Lair:3)
  6 vampire mosquitoes
  A warg (Orc:1)
  14 water moccasins
  An acid dragon (D:9)
  22 orc warriors
  A floating eye (shapeshifter) (D:14)
  A sky beast (D:7)
  An ice beast (D:6)
  A black bear (D:3)
  A boggart (D:14)
  5 wolves (Lair:4)
  5 ogres
  5 centaurs
  A phantom (D:5)
  A kobold brigand (D:8)
  2 gnoll sergeants
  A scorpion (D:6)
  11 bullfrogs
  3 wights (D:8)
  7 killer bees
  3 howler monkeys
  21 orc priests
  3 hounds
  3 jellies
  A quasit (D:11)
  A gnoll bouda (D:7)
  Terence (D:3)
  23 orc wizards
  10 hell rats
  A mummy (Ossuary)
  10 gnolls
  10 adders
  A river rat (D:9)
  3 shadow imps
  A white imp (D:6)
  3 ufetubi
  2 dart slugs (D:1)
  99 orcs
  10 endoplasms
  5 hobgoblins
  3 jackals (D:4)
  8 kobolds
  4 quokkas
  5 ball pythons
  2 bats
  A frilled lizard (D:1)
  8 gnoll skeletons (Ossuary)
  6 goblins
  5 kobold skeletons (Ossuary)
  12 orc skeletons (Ossuary)
  5 rats
  A spectral hobgoblin (D:3)
  2 butterflies (Lair:4)
506 creatures vanquished.

Vanquished Creatures (others)
  A storm dragon (D:14)
  An orc warlord (Orc:2)
  A merfolk impaler (Shoals:1)
  Harold (Lair:1)
  3 vault guards (D:14)
  A boulder beetle (D:14)
  3 hydras
  2 centaur warriors
  An ogre mage (D:15)
  6 two-headed ogres
  A tengu warrior (D:14)
  A death yak (D:9)
  6 skeletal warriors (D:13)
  2 orc knights
  8 ugly things
  An orc sorcerer (Orc:2)
  An elephant (Lair:5)
  2 cyclopes
  A merfolk siren (Shoals:1)
  3 cane toads
  An orange demon (D:11)
  3 komodo dragons
  A rime drake (Lair:1)
  A tengu conjurer (D:15)
  A hellwing (D:11)
  A polar bear (Lair:3)
  3 trolls
  A hornet (D:9)
  A basilisk (D:15)
  A wraith (Ossuary)
  4 yaks
  4 vampire mosquitoes
  A warg (Orc:1)
  An acid dragon (D:10)
  2 water moccasins
  A black bear (D:5)
  8 orc warriors
  5 ogres
  A bullfrog (D:8)
  A gnoll sergeant (D:8)
  A necrophage (D:5)
  2 wights (D:8)
  2 killer bees (D:9)
  A howler monkey (D:9)
  A hound (D:6)
  2 orc priests (Orc:2)
  2 hell rats (Lair:2)
  8 gnolls
  6 orcs
  A bush (Lair:2)
  19 demonic plants (D:11)
  29 fungi
  34 plants
  4 snaplasher vines (D:15)
200 creatures vanquished.

Grand Total: 711 creatures vanquished

Notes
Turn   | Place    | Note
-------+----------+-------------------------------------------
     0 | D:1      | MacCMillion the Felid Summoner began the quest for the Orb.
     0 | D:1      | Reached XP level 1. HP: 7/7 MP: 4/4
   397 | D:1      | Reached XP level 2. HP: 11/11 MP: 4/6
  1306 | D:2      | Reached XP level 3. HP: 14/14 MP: 6/8
  1310 | D:2      | Learned a level 3 spell: Call Canine Familiar
  1366 | D:2      | Found Wyinamn's Weapon Boutique.
  1869 | D:2      | Found a runed translucent door.
  1870 | D:2      | Noticed Crazy Yiuf
  2148 | D:3      | Found a radiant altar of Vehumet.
  2150 | D:3      | Noticed a black bear
  2228 | D:3      | Found Egiod's Antique Armour Boutique.
  2329 | D:3      | Noticed Sensen's ghost (amateur HuMo)
  2329 | D:3      | Identified the +3 great mace of Buxotozxe {speed, Drain
                  | rN+++ Will+ rCorr}
  2329 | D:3      | Noticed an ogre
  2331 | D:3      | Noticed an ogre
  2357 | D:3      | Found a transporter.
  2378 | D:3      | Found a faded altar of an unknown god.
  2424 | D:3      | Found a transporter.
  2459 | D:3      | Noticed Terence
  2484 | D:3      | Killed Terence
  2485 | D:3      | Reached skill level 5 in Summonings
  2485 | D:3      | Reached XP level 4. HP: 16/18 MP: 7/9
  2491 | D:3      | Learned a level 3 spell: Summon Guardian Golem
  2752 | D:3      | Killed a black bear
  2753 | D:3      | Reached XP level 5. HP: 21/21 MP: 1/11
  2930 | D:3      | Found a radiant altar of Vehumet.
  2965 | D:3      | Found a faded altar of an unknown god.
  2997 | D:3      | Found a transporter.
  2998 | D:3      | Found a transporter.
  3168 | D:3      | Found Egiod's Antique Armour Boutique.
  3518 | D:4      | Found a staircase to the Ecumenical Temple.
  3537 | Temple   | Entered the Ecumenical Temple
  3942 | D:4      | Found a sand-covered staircase.
  3947 | Ossuary  | Entered an ossuary
  3947 | Ossuary  | Noticed a wraith
  3947 | Ossuary  | Noticed a wraith
  3947 | Ossuary  | Noticed a wraith
  4411 | Ossuary  | Noticed a wraith
  4442 | Ossuary  | Killed a wraith
  4443 | Ossuary  | Reached skill level 5 in Hexes
  4443 | Ossuary  | Gained mutation: You are covered in thick fur. (AC +2)
                  | [Felid growth]
  4443 | Ossuary  | Reached XP level 6. HP: 24/24 MP: 7/13
  5637 | D:5      | Entered Level 5 of the Dungeon
  5782 | D:5      | Reached XP level 7. HP: 27/28 MP: 11/14
  5790 | D:5      | Learned a level 4 spell: Summon Lightning Spire
  5949 | D:5      | Reached skill level 1 in Fighting
  5949 | D:5      | Reached skill level 3 in Dodging
  6298 | D:4      | Slain by an ufetubus
  6299 | D:4      | Reached XP level 6. HP: 0/25 MP: 13/13
  6459 | D:5      | Reached skill level 1 in Air Magic
  6850 | D:5      | Reached skill level 4 in Dodging
  6850 | D:5      | Reached XP level 7. HP: 19/30 MP: 8/15
  7254 | D:5      | Noticed Sigmund
  7303 | D:5      | Killed Sigmund
  7541 | D:6      | Reached skill level 5 in Dodging
  7681 | D:6      | Reached skill level 5 in Spellcasting
  7893 | D:6      | Reached XP level 8. HP: 34/34 MP: 6/16
  7970 | D:6      | Identified the +7 dagger of World's End {elec, Will++}
  8647 | D:6      | Identified the +5 hand axe of Aruce {protect, Drain +Blink
                  | Fly}
  8855 | D:7      | Reached skill level 6 in Dodging
  8885 | D:7      | Shot with an arrow by a centaur
  8886 | D:7      | Reached XP level 7. HP: -7/31 MP: 26/34
  9818 | D:7      | Reached XP level 8. HP: 36/36 MP: 17/17
 10232 | D:7      | Found a basalt altar of Yredelemnul.
 10233 | D:7      | Found a shadowy altar of Dithmenos.
 10234 | D:7      | Found an opulent altar of Gozag.
 10236 | D:7      | Found a glowing silver altar of Zin.
 10243 | D:7      | Became a worshipper of Gozag Ym Sagoz the Greedy
 10780 | D:7      | Identified the +6 dagger of the Vestibule of Hell {drain,
                  | Str-3 Int+4 Dex+3 Stlth+}
 12185 | D:8      | Noticed a two-headed ogre
 12204 | D:8      | Killed a two-headed ogre
 12205 | D:8      | Reached skill level 5 in Fighting
 12205 | D:8      | Reached skill level 7 in Dodging
 12205 | D:8      | Reached skill level 5 in Air Magic
 12205 | D:8      | Reached XP level 9. HP: 40/40 MP: 19/19
 12406 | D:8      | Noticed a two-headed ogre
 12421 | D:8      | Killed a two-headed ogre
 12753 | D:8      | Reached skill level 8 in Dodging
 12963 | D:9      | Noticed a death yak
 12966 | D:9      | Noticed a death yak
 12971 | D:9      | Noticed a death yak
 13007 | D:8      | Killed a death yak
 13008 | D:8      | Reached XP level 10. HP: 10/45 MP: 20/20
 13317 | D:9      | Found the +3 Elemental Staff {rElec rF++ rC++ AC+5}
 13554 | D:9      | Found a burning altar of Makhleb.
 14047 | D:9      | Killed a death yak
 14048 | D:9      | Reached skill level 9 in Dodging
 14057 | D:9      | Killed a death yak
 14116 | D:9      | Found a staircase to the Lair.
 14134 | D:9      | Found a shimmering altar of Xom.
 14569 | D:10     | Entered Level 10 of the Dungeon
 14964 | D:10     | Found a stormy altar of Qazlal.
 15611 | D:11     | Noticed a sun demon
 15898 | Lair:1   | Entered Level 1 of the Lair of Beasts
 15898 | Lair:1   | Noticed a cane toad
 15908 | Lair:1   | Killed a cane toad
 15909 | Lair:1   | Reached XP level 11. HP: 19/50 MP: 23/23
 16431 | Lair:1   | Noticed Sonja
 16489 | Lair:1   | Killed Sonja
 16490 | Lair:1   | Reached skill level 10 in Dodging
 16851 | Lair:1   | Noticed Gastronok
 16926 | Lair:1   | Noticed Harold
 17542 | Lair:1   | Killed Gastronok
 17682 | Lair:1   | Killed Harold
 17683 | Lair:1   | Reached skill level 11 in Dodging
 18386 | Lair:1   | Reached skill level 10 in Summonings
 19259 | Lair:2   | Noticed a seven-headed hydra
 19275 | Lair:2   | Killed a seven-headed hydra
 19425 | Lair:2   | Noticed a six-headed hydra
 19434 | Lair:2   | Killed a six-headed hydra
 19755 | Lair:2   | You fall into a shaft and drop 2 floors!
 19766 | Lair:4   | Noticed a catoblepas
 20291 | Lair:2   | Identified the +8 scale mail "Uproemol" {rPois Stlth+}
 20822 | Lair:3   | Gained mutation: Your thick and shaggy fur keeps you warm.
                  | (AC +3, rC+) [Felid growth]
 20822 | Lair:3   | Reached XP level 12. HP: 56/56 MP: 26/26
 20976 | Lair:3   | Noticed a catoblepas
 21004 | Lair:3   | Reached skill level 12 in Dodging
 21225 | Lair:3   | Killed a catoblepas
 21308 | Lair:3   | Found a hole to the Spider Nest.
 22504 | Lair:3   | Found a staircase to the Shoals.
 22543 | Lair:3   | Reached skill level 13 in Dodging
 23028 | Lair:4   | Reached skill level 10 in Spellcasting
 23028 | Lair:4   | Killed a catoblepas
 23029 | Lair:4   | Reached skill level 10 in Fighting
 23417 | Lair:4   | Found a staircase to the Slime Pits.
 23936 | Lair:5   | Entered Level 5 of the Lair of Beasts
 24243 | Lair:5   | Reached skill level 14 in Dodging
 24257 | Lair:5   | Reached XP level 13. HP: 57/62 MP: 16/28
 24474 | Lair:5   | Reached skill level 1 in Transmutations
 24572 | Lair:5   | Noticed Nessos
 26329 | D:11     | Reached skill level 5 in Transmutations
 26768 | D:11     | Found a staircase to the Orcish Mines.
 27881 | Lair:3   | Bought an amulet of magic regeneration for 420 gold pieces
 27942 | D:9      | Learned a level 7 spell: Storm Form
 28327 | D:12     | Noticed dvd2's ghost (journeyman MiDe)
 28350 | D:12     | Found a transporter.
 28360 | D:12     | Found a transporter.
 28600 | D:12     | Found a portal to a secret trove of treasure.
 29235 | D:13     | Reached XP level 14. HP: 67/67 MP: 29/29
 29668 | D:13     | Identified the +1 ring mail of the First Villages {Str+4}
 29742 | D:13     | Reached skill level 10 in Air Magic
 30814 | D:13     | Learned a level 2 spell: Blink
 30851 | D:13     | Reached skill level 1 in Translocations
 31680 | D:14     | Noticed a storm dragon
 32024 | Orc:1    | Entered Level 1 of the Orcish Mines
 32064 | Orc:1    | Found Xohumaeq's Distillery.
 32527 | D:11     | Reached skill level 10 in Transmutations
 32865 | Orc:1    | Found Piqieb's Antique Armour Boutique.
 33535 | Orc:1    | Noticed Nergalle
 33545 | Orc:1    | Killed Nergalle
 33914 | Orc:2    | Entered Level 2 of the Orcish Mines
 34640 | Orc:2    | Found a staircase to the Elven Halls.
 35386 | Orc:2    | Noticed an orc warlord
 35407 | Orc:2    | Killed an orc warlord
 35634 | Orc:2    | Found Fotruzo's Antique Weapon Shoppe.
 35636 | Orc:2    | Found Visei's Antique Armour Emporium.
 35900 | Orc:2    | Found Deveiloa's Weapon Shop.
 36103 | Orc:2    | Found Xuoczud's Book Shop.
 36610 | D:14     | Found a gate to the Vaults.
 37280 | Lair:3   | Gained mutation: You are frail. (-10% HP) [mutagenic glow]
 37440 | Spider:1 | Entered Level 1 of the Spider Nest
 37445 | Lair:3   | Mangled by a culicivora
 37446 | Lair:3   | Reached XP level 13. HP: -6/56 MP: 32/37
 37678 | Lair:3   | Bought a Fen Folio for 588 gold pieces
 37686 | Shoals:1 | Entered Level 1 of the Shoals
 37686 | Shoals:1 | Noticed a merfolk impaler
 37700 | Shoals:1 | Killed a merfolk impaler
 37703 | Shoals:1 | Reached skill level 5 in Translocations
 38181 | Lair:3   | Learned a level 5 spell: Summon Forest
 38510 | Lair:3   | Found Ytyp's Book Shoppe.
 38522 | Lair:3   | Found Zaidot's Jewellery Boutique.
 39420 | Lair:3   | Found a hole to the Spider Nest.
 39824 | D:14     | Reached XP level 14. HP: 15/60 MP: 29/29
 41026 | D:14     | Shot with an arrow by a centaur warrior
 41027 | D:14     | Reached XP level 13. HP: -3/56 MP: 37/37
 42023 | D:14     | Killed a storm dragon
 42603 | D:14     | Found a gate to the Vaults.
 43138 | D:15     | Entered Level 15 of the Dungeon
 43138 | D:15     | Found Rishunug's Weapon Shoppe.
 45373 | D:15     | Identified Roxanne's Cyclopedia of Reformation
 45373 | D:15     | Noticed Roxanne
 45524 | D:15     | Slain by a harpy simulacrum

Illustrated notes

Levels and vault maps discovered:
D:1:      dpeg_arrival_lava_temple_mockup, layout_loops_ring
D:2:      layout_basic, serial_shops, shop_statue, hangedman_decor_points,
          st_stairs_4, uniq_crazy_yiuf_cottage
D:3:      layout_basic, nicolae_vehumet_altar_sigil, gammafunk_ghost_smash,
          serial_shops, shop, dreamdust_ecumenical_altar_drowned_temple,
          uniq_terence
D:4:      layout_loops_corners, minmay_temple_entry_proselytizer,
          enter_ossuary_5
D:5:      layout_gridville, hangedman_minor_gate_pass, uniq_sigmund
D:6:      layout_rooms
D:7:      layout_basic, chequers_temple_overflow_statue_of_worship,
          lightli_minifort
D:8:      layout_gridville
D:9:      layout_roguey, pf_just_have_faith, mainiacjoe_overflow_cross_hatched,
          dpeg_lair_monsters
D:10:     layout_loops_ring, nicolae_overflow_hidden_temple
D:11:     layout_roguey, david_orc_5, serial_demonic, serial_demonic_g,
          serial_demonic_g, serial_demonic_g, serial_demonic_d,
          serial_demonic_b, serial_demonic_c, serial_demonic_g, serial_demonic_f
D:12:     layout_irregular_city, nicolae_trove_entry_columns, nzn_ghost_randoct
D:13:     layout_cave_pods, minivault_16
D:14:     layout_loops_ring, lightli_vaults_fourway_checkpoint,
          portal_ice_cave_entry_ice_statue_one, kennysheep_four_rooms
D:15:     grunt_enter_depths_magical_seal, layout_rooms, serial_shops,
          nicolae_shop_statue_plus, uniq_roxanne
Temple:   nicolae_temple_bog_church
Lair:1:   layout_regular_city, infiniplex_staircase_pool, uniq_harold,
          uniq_sonja, uniq_gastronok
Lair:2:   layout_loops_ring, serial_rivers, chequers_serial_rivers_room_a,
          chequers_serial_rivers_small_b, chequers_serial_rivers_micro_c,
          chequers_serial_rivers_room_a, chequers_serial_rivers_room_a,
          chequers_serial_rivers_micro_a, lemuel_fruit_tree
Lair:3:   layout_layer_cave, elwin_shoals_entry_rocks,
          spider_nest_entry_funnel_web
Lair:4:   layout_misc_corridors, minmay_slime_entry_oklob_open,
          lemuel_fruit_fields
Lair:5:   grunt_lair_end_beastmaster, layout_regular_city, uniq_nessos
Shoals:1: layout_shoals, ebering_ghost_reflecting_pool, hangedman_shoal_volcano
Spider:1: spider_temple_joshua
Orc:1:    layout_caves, serial_shops, shop, guppyfry_orc_lava_fort,
          uniq_nergalle
Orc:2:    grunt_orc_community_town_hall, layout_caves,
          grunt_orc_community_big_house_1, grunt_orc_community_big_house_2,
          grunt_orc_community_house_2, grunt_orc_community_house_2,
          grunt_orc_community_house_3, grunt_orc_community_house_3

Skill      XL: |  1  2  3  4  5  6  7  8  9 10 11 12 13 14 |
---------------+-------------------------------------------+-----
Spellcasting   | 3 4 5 6 7 9 10 | 10.0
Summonings     | 5 6 7 8 9 10 | 10.6
Hexes          | 2 5 |  5.0
Fighting       | 2 4 5 7 8 10 11 | 11.0
Dodging        | 4 5 7 8 9 11 14 | 14.3
Air Magic      | 1 2 5 6 7 12 11 | 12.3
Transmutations | 12 11 | 12.1
Translocations | 9 8 |  9.6
Stealth        | |  2.6

Action                   |  1- 3 |  4- 6 |  7- 9 | 10-12 | 13-15 || total
-------------------------+-------+-------+-------+-------+-------++-------
Melee: Unarmed           |     1 |       |    29 |     9 |    20 ||    59
       Bite              |       |       |     5 |     2 |     3 ||    10
       Punch             |       |       |       |       |     1 ||     1
 Cast: Summon Small Mamm |    44 |     9 |    10 |       |     1 ||    64
       Call Canine Famil |     4 |    36 |    72 |    77 |   150 ||   339
       Summon Guardian G |       |    11 |    55 |    73 |   183 ||   322
       Summon Lightning  |       |       |     6 |    98 |   154 ||   258
       Summon Forest     |       |       |       |       |    18 ||    18
       Blink             |       |       |       |       |     1 ||     1
Invok: Call Merchant     |       |       |       |     2 |     2 ||     4
  Use: Scroll            |       |     1 |     2 |    14 |    13 ||    30
       Potion            |       |     1 |     1 |     1 |     3 ||     6
 Stab: Betrayed ally     |       |       |       |     1 |       ||     1
       Distracted        |       |       |       |       |     1 ||     1
Armor: Skin              |     1 |       |    12 |     1 |    12 ||    26
Dodge: Dodged            |    21 |    13 |   154 |    62 |   247 ||   497
